 Dungeon Crawl Stone Soup version 0.28-a0-514-g0d7ab7f379 (webtiles) character file.

Game seed: 15336480658761229232

1513 TrogsFancyHat the Geomancer (level 9, -3/58 HPs)
             Began as a Formicid Earth Elementalist on Sept 22, 2021.
             Was an Initiate of Sif Muna.
             Slain by a water moccasin (7 damage)
             ... on level 7 of the Dungeon.
             The game lasted 00:16:00 (8340 turns).

TrogsFancyHat the Geomancer (FoEE)                  Turns: 8340, Time: 00:16:00

Health: -3/58      AC:  4    Str: 13    XL:     9   Next: 9%
Magic:  15/19      EV: 12    Int: 18    God:    Sif Muna [......]
Gold:   302        SH:  0    Dex: 11    Spells: 16/22 levels left

rFire   . . .      SeeInvis +   q - +10 dark maul {vorpal}
rCold   . . .      Faith    .   (no shield)
rNeg    . . .      Spirit   .   b - +0 robe
rPois   .          Reflect  .   (helmet unavailable)
rElec   .          Harm     .   (no cloak)
rCorr   .          Rampage  .   v - +0 pair of gloves
Will    .....                   u - +0 pair of boots
Stlth   ++........              (no amulet)
HPRegen 0.19/turn               (no ring)
MPRegen 0.16/turn               (no ring)

@: lethally poisoned (-3 -> -19)
A: permanent stasis, dig shafts and tunnels, antennae 3, four strong arms
a: Dig, Shaft Self, Renounce Religion


You were on level 7 of the Dungeon.
You worshipped Sif Muna.
Sif Muna was noncommittal.
You visited 2 branches of the dungeon, and saw 8 of its levels.

You collected 302 gold pieces.

Inventory:

Hand Weapons
 j - a +3 mace
 q - the +10 dark maul (weapon) {vorpal}
   (You found it on level 4 of the Dungeon)

   It inflicts extra damage upon your enemies.
Missiles
 c - 272 stones
 z - a throwing net
Armour
 b - a +0 robe (worn)
 l - a +0 kite shield
 u - a +0 pair of boots (worn)
 v - a +0 pair of gloves (worn)
Jewellery
 y - an amulet of reflection
Wands
 t - a wand of iceblast (17)
 x - a wand of polymorph (10)
Scrolls
 a - 3 scrolls of enchant armour {unknown}
 f - 6 scrolls of identify {unknown}
 i - 4 scrolls of teleportation {unknown}
 k - 2 scrolls of magic mapping {unknown}
 m - a scroll of amnesia {unknown}
 n - 2 scrolls of enchant weapon {unknown}
 r - a scroll of fog {unknown}
 w - a scroll of blinking {unknown}
 A - a scroll of vulnerability {unknown}
Potions
 d - 2 potions of mutation {unknown}
 e - 2 potions of haste {unknown}
 g - a potion of magic {unknown}
 h - 2 potions of brilliance {unknown}
 o - 2 potions of curing
 p - a potion of degeneration {unknown}
 s - a potion of might {unknown}


   Skills:
 - Level 0.7 Fighting
 - Level 1.0 Maces & Flails
 - Level 1.7 Dodging
 - Level 2.4 Stealth
 - Level 0.1 Unarmed Combat
 + Level 7.1 Spellcasting
 - Level 1.1 Transmutations
 + Level 9.1 Earth Magic
 + Level 4.5 Invocations


You had 16 spell levels left.
You knew the following spells:

 Your Spells              Type           Power      Damage    Failure   Level
a - Sandblast             Erth           78%        2d17      1%          1
b - Passwall              Tmut/Erth      20%        N/A       1%          2
c - Stone Arrow           Conj/Erth      44%        3d9       4%          3

Your spell library contained the following spells:

 Spells                   Type           Power      Damage    Failure   Level
 Animate Skeleton         Necr           12%        N/A       11%         1
 Apportation              Tloc           12%        N/A       11%         1
 Summon Small Mammal      Summ           24%        N/A       11%         1
 Petrify                  Tmut/Erth      24%        N/A       13%         4
 Dazzling Flash           Conj/Hex       12%        N/A       32%         3
 Iskenderun's Mystic Bla  Conj/Tloc      6%         2d4       71%         4
 Starburst                Conj/Fire      3%         6d3       100%        6


Dungeon Overview and Level Annotations

Branches:
Dungeon (7/15)             Temple (1/1) D:6

Altars:
Ashenzari
Cheibriados
Dithmenos
Elyvilon
Fedhas
Gozag
Hepliaklqana
Nemelex Xobeh
Okawaru
Qazlal
Ru
Sif Muna
Trog
Wu Jian
Xom
Yredelemnul
Zin
The Shining One

Shops:
D:1 :   D:3 (   D:4 :


Innate Abilities, Weirdness & Mutations

You cannot be hasted, slowed, berserked, paralysed or teleported.
You can dig through walls and to a lower floor.
You have a pair of large antennae on your head. (SInv)
Your four strong arms can wield two-handed weapons with a shield.


Message History

Aiming: Stone Arrow (dangerous; 4% risk of failure)
Press: ? - help, Shift-Dir - straight line, f - water moccasin
Aim: a water moccasin (53% to hit)
The stone arrow hits the water moccasin!
The water moccasin is moderately wounded.
Casting: Stone Arrow (dangerous; 4% risk of failure)
Confirm with . or Enter, or press ? or * to list all spells.
Aiming: Stone Arrow (dangerous; 4% risk of failure)
Press: ? - help, Shift-Dir - straight line, f/p - water moccasin
Aim: a water moccasin (moderately wounded, 53% to hit)
The stone arrow misses the water moccasin.
The water moccasin bites you but does no damage.
You miss the water moccasin.
The water moccasin is moderately wounded.
The water moccasin bites you but does no damage.
The water moccasin bites you.
The water moccasin bites you but does no damage.
The water moccasin bites you.
You barely miss the water moccasin.
The water moccasin is moderately wounded.
The water moccasin bites you. x4; The water moccasin closely misses you.
You barely miss the water moccasin.
The water moccasin is moderately wounded.
The water moccasin bites you!
You are poisoned.
The water moccasin poisons you! The water moccasin misses you.
The water moccasin bites you but does no damage.
The water moccasin bites you.
You are lethally poisoned!
The water moccasin poisons you!
You miss the water moccasin.
The water moccasin is moderately wounded.
* * * LOW HITPOINT WARNING * * *
You feel extremely sick. The water moccasin misses you.
The water moccasin bites you but does no damage.
The water moccasin bites you.
* * * LOW HITPOINT WARNING * * *
The water moccasin bites you!
You die...

............###
..##.##.......##
...<.##........##
..####...#......#
.........#......# ##
...#.##.......####.##
...#####.....####...#
..##
#..#...#...#..#...
...
....##.....@S...(..
......###
##...........# .#
#.#.#.......##
#...#..##...#
........# ####
#..##.### #.. #.# .#.
###


You could see a water moccasin.

Vanquished Creatures
  A wraith (D:6)
  A water moccasin (D:7)
  An orc warrior (D:7)
  2 sky beasts (D:7)
  A necrophage (D:4)
  An ogre (D:4)
  A phantom (D:7)
  A bullfrog (D:6)
  A gnoll sergeant (D:7)
  5 killer bees
  A water moccasin skeleton (D:5)
  A howler monkey (D:5)
  A centaur skeleton (D:4)
  A hound (D:5)
  2 iguanas
  Natasha (twice) (D:2)
  A killer bee zombie (D:7)
  4 gnolls (D:7)
  An adder (D:5)
  A howler monkey skeleton (D:7)
  A white imp (D:6)
  2 adder skeletons
  2 worms
  A dart slug (D:3)
  5 orcs
  4 ball pythons
  An endoplasm (D:3)
  2 giant cockroaches
  2 goblins (D:4)
  9 hobgoblins
  6 kobolds
  5 bats
  4 frilled lizards
  9 rats
83 creatures vanquished.

Notes
Turn   | Place    | Note
-------+----------+-------------------------------------------
     0 | D:1      | TrogsFancyHat the Formicid Earth Elementalist began the
                  | quest for the Orb.
     0 | D:1      | Reached XP level 1. HP: 13/13 MP: 3/3
   116 | D:1      | Found Ybonnu Lane's Book Emporium.
   343 | D:1      | Noticed a shining eye
   345 | D:1      | Found a faded altar of an unknown god.
   350 | D:1      | Noticed a floating eye
   367 | D:1      | Noticed an eye of devastation
   371 | D:1      | Noticed a floating eye
   538 | D:1      | Reached XP level 2. HP: 15/19 MP: 1/5
   539 | D:1      | Reached skill level 4 in Earth Magic
  1330 | D:2      | Noticed Natasha
  1345 | D:2      | Killed Natasha
  1346 | D:2      | Reached XP level 3. HP: 25/25 MP: 2/7
  1361 | D:2      | Noticed Natasha
  1367 | D:2      | Killed Natasha
  1368 | D:2      | Reached skill level 1 in Maces & Flails
  1368 | D:2      | Reached XP level 4. HP: 31/31 MP: 0/8
  1915 | D:3      | Noticed a black bear
  2173 | D:3      | Learned a level 2 spell: Passwall
  2177 | D:3      | Learned a level 3 spell: Stone Arrow
  2186 | D:3      | Found Xacea's Weapon Shop.
  2428 | D:3      | Reached skill level 5 in Earth Magic
  2791 | D:4      | Reached XP level 5. HP: 34/36 MP: 5/10
  3008 | D:4      | Noticed an ogre
  3017 | D:4      | Killed an ogre
  3125 | D:4      | Reached XP level 6. HP: 37/42 MP: 9/12
  3220 | D:4      | Found the +10 dark maul {vorpal}
  3755 | D:4      | Found Xankeunn's Self-Improvement Boutique.
  4113 | D:5      | Entered Level 5 of the Dungeon
  4116 | D:5      | Noticed a necrophage
  4135 | D:4      | Killed a necrophage
  4136 | D:4      | Reached skill level 6 in Earth Magic
  4136 | D:4      | HP: 2/42 [orc (5)]
  4546 | D:5      | Found an ornate altar of the Wu Jian Council.
  4632 | D:5      | Reached XP level 7. HP: 47/47 MP: 14/14
  4924 | D:5      | Reached skill level 5 in Spellcasting
  5588 | D:6      | Reached skill level 7 in Earth Magic
  5769 | D:6      | Found a staircase to the Ecumenical Temple.
  6304 | D:6      | Noticed a wraith
  6310 | D:6      | Killed a wraith
  6831 | Temple   | Entered the Ecumenical Temple
  7027 | Temple   | Became a worshipper of Sif Muna the Loreminder
  7077 | D:7      | Reached XP level 8. HP: 41/53 MP: 12/16
  7100 | D:7      | Reached skill level 1 in Invocations
  7133 | D:7      | Reached skill level 8 in Earth Magic
  7560 | D:7      | Found a glowing silver altar of Zin.
  7820 | D:7      | Found an opulent altar of Gozag.
  8013 | D:7      | Reached skill level 9 in Earth Magic
  8013 | D:7      | Reached XP level 9. HP: 11/58 MP: 19/19
  8013 | D:7      | HP: 1/58 [poisoned by a killer bee]
  8340 | D:7      | Slain by a water moccasin

Illustrated notes

Levels and vault maps discovered:
D:1:      dpeg_arrival_snail, layout_basic,
          hellmonk_ecumenical_altar_watching_god, serial_shops, shop_statue,
          nrook_mini_backslash
D:2:      wander_river, layout_basic, uniq_natasha
D:3:      layout_basic, serial_shops, shop
D:4:      layout_layer_cave, minmay_misc_feat_roman, grunt_decor_fettered,
          chequers_avenue, nicolae_shop_self_help
D:5:      layout_loops_ring, nzn_wu_jian_contemplation, serial_rivers,
          chequers_serial_rivers_large_a, chequers_serial_rivers_micro_a,
          chequers_serial_rivers_room_a, chequers_serial_rivers_large_b,
          chequers_serial_rivers_small_3, chequers_serial_rivers_small_a
D:6:      layout_basic, minmay_temple_entry_poolview
D:7:      layout_cave_pools, ebering_ghost_xom, chequers_serial_rivers_small_a,
          hangedman_feature_mirror
Temple:   eino_temple_rhombus

Skill      XL: |  1  2  3  4  5  6  7  8 |
---------------+-------------------------+-----
Earth Magic    | 4 5 6 7 9 |  9.1
Maces & Flails | 1 |  1.0
Spellcasting   | 3 4 5 7 |  7.1
Invocations    | 4 |  4.5
Fighting       | |  0.7
Dodging        | |  1.7
Stealth        | |  2.4
Unarmed Combat | |  0.1
Transmutations | |  1.1

Action                   |  1- 3 |  4- 6 |  7- 9 || total
-------------------------+-------+-------+-------++-------
Melee: Unarmed           |     9 |       |       ||     9
       Whip              |    16 |       |       ||    16
       Mace              |       |     1 |       ||     1
       Maul              |       |    11 |    24 ||    35
 Cast: Sandblast         |    22 |    49 |     8 ||    79
       Stone Arrow       |       |     3 |    33 ||    36
Evoke: Wand              |       |       |     2 ||     2
  Use: Potion            |       |       |     1 ||     1
 Stab: Sleeping          |     2 |       |       ||     2
Armor: Robe              |     8 |    25 |    16 ||    49
Dodge: Dodged            |    28 |    58 |    43 ||   129

Table legend: (Time is in decaauts)
 A = Elapsed time spent in this place.
 B = Non-inter-level travel time spent in this place.
 C = Inter-level travel time spent in this place.
 D = Time resting spent in this place.
 E = Time spent auto-exploring this place.
 F = Levels seen in this place.
 G = Mean time per level.
                   A        B        C        D        E       F      G
               +--------+--------+--------+--------+--------+-----+--------+
         Total |   8468 |   8113 |    355 |   1206 |   5888 |   8 | 1058.5 |
       Dungeon |   8262 |   7934 |    328 |   1206 |   5723 |   7 | 1180.3 |
        Temple |    206 |    179 |     27 |      0 |    165 |   1 |  206.0 |
               +--------+--------+--------+--------+--------+-----+--------+

Top non-repeatable levels by time:
     D:6: 1944 daAuts
     D:4: 1753 daAuts
     D:5: 1196 daAuts
     D:1: 1096 daAuts
     D:2: 861 daAuts
     D:3: 738 daAuts
     D:7: 671 daAuts
  Temple: 206 daAuts
